 Dungeon Crawl Stone Soup version 0.24-a0-347-g1a3e1d35ff (webtiles) character file.

Game seed: 17521700963029900677

40 MachJacob the Chiller (level 3, 0/26 HPs)
             Began as a Draconian Ice Elementalist on May 23, 2019.
             Slain by a bullfrog (8 damage)
             ... on level 1 of the Dungeon.
             The game lasted 00:04:47 (1626 turns).

MachJacob the Chiller (Draconian Ice Elementalist)  Turns: 1626, Time: 00:04:48

Health: 0/26       AC:  6    Str: 10    XL:     3   Next: 30%
Magic:  0/6        EV: 12    Int: 16    God:
Gold:   155        SH:  0    Dex: 11    Spells: 3/6 levels left

rFire    . . .     SeeInvis .   h - +0 dagger
rCold    . . .     Gourm    .   (no shield)
rNeg     . . .     Faith    .   (armour unavailable)
rPois    .         Spirit   .   (helmet restricted)
rElec    .         Reflect  .   (no cloak)
rCorr    .         Harm     .   k - +0 pair of gloves
MR       .....                  (no boots)
Stlth    ++........             (no amulet)
HPRegen  0.08/turn              (no ring)
MPRegen  0.10/turn              (no ring)

@: no status effects
A: unfitting armour, cold-blooded, AC +5
a: no special abilities


You were on level 1 of the Dungeon.
You were not hungry.

You visited 1 branch of the dungeon, and saw 2 of its levels.

You collected 155 gold pieces.

Inventory:

Hand Weapons
 h - a +0 dagger (weapon)
Armour
 k - a +0 pair of gloves (worn)
Jewellery
 m - an uncursed ring of wizardry {unknown}
Scrolls
 d - a scroll of identify {unknown}
 e - a scroll of teleportation {unknown}
 f - a scroll of fog {unknown}
 g - a scroll of remove curse {unknown}
 j - a scroll of amnesia {unknown}
Potions
 a - a potion of heal wounds {unknown}
 c - a potion of mutation {unknown}
 i - 4 potions of curing {unknown}
Comestibles
 b - 5 rations
 l - 2 chunks of flesh


   Skills:
 + Level 2.2 Dodging
 - Level 1.7 Stealth
 + Level 2.3 Spellcasting
 * Level 1.6 Conjurations
 * Level 3.6 Ice Magic


You had 3 spell levels left.
You knew the following spells:

 Your Spells              Type           Power        Failure   Level  Hunger
a - Freeze                Ice            ##..         4%          1    #......
b - Throw Frost           Conj/Ice       ##....       11%         2    ###....

Your spell library contained the following spells:

 Spells                   Type           Power        Failure   Level  Hunger
 Ozocubu's Armour         Chrm/Ice       #.......     28%         3    ###....
 Throw Icicle             Conj/Ice       ##......     56%         4    #####..
 Summon Ice Beast         Ice/Summ       #.......     67%         4    #####..


Dungeon Overview and Level Annotations

Branches:
Dungeon (2/15)

Altars:


Innate Abilities, Weirdness & Mutations

Your plain brown scales are hard. (AC +5)
You cannot fit into any form of body armour.
You are cold-blooded and may be slowed by cold attacks.


Message History

You freeze the bullfrog.
The bullfrog is heavily wounded.
The bullfrog seems to slow down.
The bullfrog hits you but does no damage.
You hit the bullfrog.
Your tail-slap misses the bullfrog.
The bullfrog is severely wounded.
The bullfrog barely misses you.
You hit the bullfrog.
The bullfrog is almost dead.
The bullfrog hits you.
You closely miss the bullfrog.
The bullfrog is almost dead.
The bullfrog barely misses you.
You hit the bullfrog.
Your tail-slap misses the bullfrog.
The bullfrog is almost dead.
The bullfrog hits you.
You barely miss the bullfrog.
The bullfrog is almost dead.
The bullfrog hits you!
You die... ### #..##.## #.###..# ##.####.# #PPP..#.# #....P..# #P......# #P...P.## #PPPPP.#

##.@#..##
#F###..#
##.# ##.#
#..# #..#
#.## #.##
#.# #.#
#.# #.#
#.## #.#
#..###.#


You could see a bullfrog.

Vanquished Creatures
  An adder (D:2)
  A worm (D:2)
  2 dart slugs (D:1)
  A ball python (D:2)
  3 giant cockroaches
  4 goblins (D:1)
  A hobgoblin (D:2)
  3 kobolds
  A quokka (D:2)
  6 bats
  2 frilled lizards (D:1)
  A rat (D:2)
26 creatures vanquished.

Vanquished Creatures (others)
  4 toadstools (D:1)
4 creatures vanquished.

Grand Total: 30 creatures vanquished

Notes
Turn   | Place    | Note
-------+----------+-------------------------------------------
     0 | D:1      | MachJacob the Draconian Ice Elementalist began the quest
                  | for the Orb.
     0 | D:1      | Reached XP level 1. HP: 14/14 MP: 3/3
   242 | D:1      | Reached XP level 2. HP: 20/20 MP: 1/5
   255 | D:1      | Learned a level 2 spell: Throw Frost
  1272 | D:2      | Reached XP level 3. HP: 26/26 MP: 3/6
  1598 | D:2      | Noticed a bullfrog
  1626 | D:1      | Slain by a bullfrog

Levels and vault maps discovered:
D:1:      shiori_arrival_maze, layout_rooms, serial_forest,
          infiniplex_forest_clump_double, infiniplex_forest_straight_1,
          infiniplex_forest_lined_2, infiniplex_forest_clump_cross,
          infiniplex_forest_lined_3_way, infiniplex_forest_clump_medium,
          minmay_gold_behind_fungi, minmay_strange_pillars
D:2:      layout_loops_ring, nicolae_qazlal_style_of_elements

Skill      XL: |  1 |
---------------+----+-----
Dodging        | 2 |  2.2
Stealth        | |  1.7
Spellcasting   | |  2.3
Conjurations   | |  1.6
Ice Magic      | |  3.6

Action                   || total
-------------------------++-------
Melee: Unarmed           ||     2
       Tailslap          ||     1
       Dagger            ||    13
 Cast: Freeze            ||    48
       Throw Frost       ||     5
 Stab: Sleeping          ||     1
  Eat: Chunk             ||     3
Armor: Skin              ||    18
Dodge: Dodged            ||    37

Table legend:
 A = Non-vault XP
 B = Vault XP
 C = Vault XP percentage of total XP
 D = Non-vault monster count
 E = Vault monster count
 F = Vault count percentage of total count
                 A         B        C        D         E       F
            +---------+---------+-------+---------+---------+-------
      Total |      54 |       4 |   6.9 |      24 |       2 |   7.7
            +---------+---------+-------+---------+---------+-------
        D:1 |      24 |       4 |  14.3 |      14 |       2 |  12.5
        D:2 |      30 |       0 |   0.0 |      10 |       0 |   0.0
            +---------+---------+-------+---------+---------+-------
